 Dungeon Crawl Stone Soup version 0.26-a0-682-g294304f6e8 (webtiles) character file.

Game seed: 255830450861892194

(classic levelgen) 14 EnegeticOcto the Ruffian (level 2, -2/24 HPs)
             Began as a Ghoul Warper on Oct 21, 2020.
             Slain by a gnoll
             ... wielding a +0 spear
              (5 damage)
             ... on level 2 of the Dungeon.
             The game lasted 00:00:52 (137 turns).

EnegeticOcto the Ruffian (Ghoul Warper)              Turns: 137, Time: 00:00:53

Health: -2/24      AC:  3    Str: 14    XL:     2   Next: 45%
Magic:  3/3        EV: 11    Int:  8    God:
Gold:   33         SH:  0    Dex:  8    Spells: 4/4 levels left

rFire    . . .     SeeInvis .     - Unarmed
rCold    + . .     Faith    .   (no shield)
rNeg     + + +     Spirit   .   a - +0 leather armour
rPois    ∞         Reflect  .   (no helmet)
rElec    .         Harm     .   (no cloak)
rCorr    .         Rampage  .   (no gloves)
MR       .....                  (no boots)
Stlth    +.........             (no amulet)
HPRegen  0.00/turn              (no ring)
MPRegen  0.08/turn              (no ring)

@: no status effects
A: rotting body, claws 1, cold resistance 1, negative energy resistance 3,
inhibited regeneration, torment resistance, unbreathing
a: no special abilities


You were on level 2 of the Dungeon.
You visited 1 branch of the dungeon, and saw 2 of its levels.

You collected 33 gold pieces.

Inventory:

Missiles
 d - 4 boomerangs of dispersal (quivered)
Armour
 a - a +0 leather armour (worn)
Scrolls
 c - a scroll of blinking {@r4}


   Skills:
 - Level 2.1 Fighting
 - Level 0.8 Throwing
 - Level 0.8 Armour
 - Level 1.7 Dodging
 + Level 3.3 Unarmed Combat
 - Level 1.7 Spellcasting
   Level 2.6 Translocations


You had 4 spell levels left.
You didn't know any spells.
Your spell library contained the following spells:

 Spells                   Type           Power        Failure   Level
 Blink                    Tloc           N/A          22%         2
 Gell's Gravitas          Tloc           #.........   41%         3
 Lesser Beckoning         Tloc           #.........   41%         3
 Teleport Other           Tloc           #.......     41%         3
 Passage of Golubria      Tloc           N/A          83%         4


Dungeon Overview and Level Annotations

Branches:
Dungeon (2/15)

Altars:


Innate Abilities, Weirdness & Mutations

Your body is rotting away.
You thrive by killing the living.
You are immune to poison.
You have sharp fingernails.
Your flesh is cold resistant. (rC+)
You are immune to negative energy. (rN+++)
You do not regenerate when monsters are visible.
You are immune to unholy pain and torment.
You can survive without breathing.


Message History

Welcome, EnegeticOcto the Ghoul Warper.
Will you prevail where others failed? Will you find the Orb of Zot?
Press ? for a list of commands and other information.
Found 27 stones and 25 gold pieces.
Found a staircase leading out of the dungeon.
You now have 15 gold pieces.
You now have 25 gold pieces (gained 10).
A hobgoblin comes into view. It is wielding a +0 club.
The hobgoblin shouts!
A rat comes into view.
You closely miss the hobgoblin. The hobgoblin hits you with a +0 club.
You claw the hobgoblin!
You kill the hobgoblin!
You feel better.
You scratch the rat but do no damage. The rat barely misses you.
You scratch the rat.
You kill the rat!
You feel better.
No target in view!
No target in view!
There is an empty arch of ancient stone here.
Found a short sword.
Found 8 gold pieces.
You now have 33 gold pieces (gained 8).
A frilled lizard comes into view.
The frilled lizard hisses angrily.
You miss the frilled lizard.
The frilled lizard hisses.
The frilled lizard bites you.
You barely miss the frilled lizard. Your claw misses the frilled lizard.
The frilled lizard barely misses you.
You scratch the frilled lizard.
You kill the frilled lizard!
You feel better.
No target in view!
No target in view!
No target in view!
You see here a frilled lizard corpse.
Found an escape hatch in the floor.
There is an escape hatch in the floor here.
Really go through this one-way escape hatch?
You slide downwards.
The hatch slams shut behind you.
You open the door.
There is an open door here.
You open the door.
Found a robe.
There is an open door here.
An adder comes into view.
The adder hisses angrily.
You scratch the adder.
The adder is heavily wounded.
The adder barely misses you.
You closely miss the adder.
The adder is heavily wounded.
The adder closely misses you.
You scratch the adder.
You kill the adder!
Your Unarmed Combat skill increases to level 3!
You have reached level 2!
A kobold comes into view.
The kobold shouts!
You hear a shout! x2
A leopard gecko comes into view.
A gnoll comes into view. It is wielding a +0 spear.
The gnoll shouts!
Found a scroll labeled AKUBAS JUBENNOGH.
You claw the kobold!
You kill the kobold!
You closely miss the leopard gecko. The leopard gecko bites you.
You barely miss the leopard gecko. The leopard gecko bites you.
You scratch the leopard gecko.
The leopard gecko is severely wounded.
The leopard gecko bites you but does no damage.
The gnoll hits you from afar with a +0 spear.
A gnoll comes into view. It is wielding a +0 flail.
You are too injured to fight recklessly!
You scratch the leopard gecko.
The leopard gecko is almost dead.
The leopard gecko barely misses you.
The gnoll hits you from afar with a +0 spear!
* * * LOW HITPOINT WARNING * * *
The leopard gecko closely misses you.
You scratch the leopard gecko.
You kill the leopard gecko!
You feel better.
Throwing (i - inventory)
d - 5 boomerangs of dispersal (quivered)
Press: ? - help, Shift-Dir - straight line, f - gnoll
Aim: a gnoll, wielding a +0 spear You throw a boomerang of dispersal.
The boomerang of dispersal barely misses the gnoll.
The gnoll hits you from afar with a +0 spear.
You die...

############
......g..g.#
###.###.##g#
#.##.#
#.##@#
.?##.##
###...##
##.....##
##.......##
##+#
#.........#
##...##
##.......##
#.....##
##.....##
.......##
##.....##


You could see 2 gnolls.

Vanquished Creatures
  An adder (D:2)
  A leopard gecko (D:2)
  A hobgoblin (D:1)
  A frilled lizard (D:1)
  A kobold (D:2)
  A rat (D:1)
6 creatures vanquished.

Notes
Turn   | Place    | Note
-------+----------+-------------------------------------------
     0 | D:1      | EnegeticOcto the Ghoul Warper began the quest for the Orb.
     0 | D:1      | Reached XP level 1. HP: 17/17 MP: 2/2
   118 | D:2      | Reached skill level 3 in Unarmed Combat
   118 | D:2      | Reached XP level 2. HP: 24/24 MP: 3/3
   132 | D:2      | HP: 1/24 [gnoll/+0 spear (10)]
   137 | D:2      | Slain by a gnoll

Illustrated notes

Levels and vault maps discovered:
D:1:      nzn_arrival_settlement, layout_rooms
D:2:      layout_loops_corners

Skill      XL: |  1 |
---------------+----+-----
Unarmed Combat | 3 |  3.3
Fighting       | |  2.1
Throwing       | |  0.8
Armour         | |  0.8
Dodging        | |  1.7
Spellcasting   | |  1.7
Translocations | |  2.6

Action                   || total
-------------------------++-------
Melee: Unarmed           ||    16
Throw: Boomerang         ||     1
Armor: Leather armour    ||     1
Dodge: Dodged            ||     6

Table legend: (Time is in decaauts)
 A = Elapsed time spent in this place.
 B = Non-inter-level travel time spent in this place.
 C = Inter-level travel time spent in this place.
 D = Time resting spent in this place.
 E = Time spent auto-exploring this place.
 F = Levels seen in this place.
 G = Mean time per level.
                   A        B        C        D        E       F      G
               +--------+--------+--------+--------+--------+-----+--------+
         Total |    136 |    136 |      0 |      0 |      0 |   2 |   68.0 |
       Dungeon |    136 |    136 |      0 |      0 |      0 |   2 |   68.0 |
               +--------+--------+--------+--------+--------+-----+--------+

Top non-repeatable levels by time:
     D:1: 84 daAuts
     D:2: 51 daAuts
